 Dungeon Crawl Stone Soup version 0.21.1-1-g345015fe64 (webtiles) character file.

17779 Oravi the Spry (level 12, 0/91 HPs)
             Began as a Merfolk Transmuter on May 22, 2018.
             Was a High Priest of Okawaru.
             Slain by a white ugly thing (32 damage)
             ... on level 11 of the Dungeon.
             The game lasted 00:58:08 (15557 turns).

Oravi the Spry (Merfolk Transmuter)                Turns: 15557, Time: 00:58:09

Health: 0/91       AC:  8    Str: 13    XL:     12   Next: 51%
Magic:  5/15       EV: 28    Int: 17    God:    Okawaru [*****.]
Gold:   670        SH:  0    Dex: 15    Spells: 5/15 levels left

rFire    . . .     SeeInvis .     - Unarmed
rCold    . . .     Gourm    .   (shield currently unavailable)
rNeg     . . .     Faith    .   D - +3 leather armour
rPois    .         Spirit   .   i - +2 hat
rElec    .         Reflect  .   (no cloak)
rCorr    .         Harm     .   (gloves currently unavailable)
MR       .....                  (no boots)
Stlth    ++++......             (no amulet)
HPRegen  0.25/turn              r - +3 ring of strength
MPRegen  0.14/turn              F - ring of stealth

@: blade hands, heroism
A: change form in water, swift swim, stealthy swim
a: End Transformation, Heroism, Finesse, Renounce Religion


You were on level 11 of the Dungeon.
You worshipped Okawaru.
Okawaru was extremely pleased with you.
You were not hungry.
You had blades for hands.
You visited 2 branches of the dungeon, and saw 12 of its levels.
You also visited: Sewer and Bailey.

You collected 670 gold pieces.

Inventory:

Hand Weapons
 m - a cursed -2 trident
Missiles
 a - 137 arrows
Armour
 b - a +1 robe
 i - a +2 hat (worn)
 z - a +0 large shield
 C - a +1 leather armour of positive energy
 D - a +3 leather armour (worn)
 L - a +1 troll leather armour {Snorg}
Jewellery
 j - an uncursed ring of fire
 r - a +3 ring of strength (left scythe-like blade)
 F - a ring of stealth (right scythe-like blade)
 K - an uncursed amulet of faith {unknown}
Wands
 g - a wand of polymorph (9)
 n - a wand of flame (64)
 x - a wand of acid (3)
 y - a wand of random effects (22)
 B - a wand of clouds (4)
 J - a wand of iceblast (7)
Scrolls
 e - a scroll of blinking
 f - 14 scrolls of identify
 l - 4 scrolls of remove curse
 p - a scroll of amnesia
 u - 3 scrolls of teleportation
 A - a scroll of magic mapping
 H - 2 scrolls of enchant weapon
Potions
 h - 5 potions of flight
 k - 2 potions of experience {unknown}
 q - a potion of haste
 s - 2 potions of mutation
 t - 2 potions of brilliance {unknown}
 v - a potion of resistance
 w - 3 potions of heal wounds
 E - a potion of agility
 G - 2 potions of degeneration {unknown}
Books
 c - a book of Changes

   Spells                             Type                      Level
   a - Beastly Appendage              Transmutation                1
   b - Sticks to Snakes               Transmutation                2
   c - Spider Form                    Transmutation/Poison         3
   d - Ice Form                       Ice/Transmutation            4
   e - Blade Hands                    Transmutation                5
 I - Sif Muna's Compendium of Enhancements
   (You found it on level 3 of the Dungeon)

   Spells                             Type                      Level
   a - Infusion                       Charms                       1
Comestibles
 d - 20 rations


   Skills:
 + Level 7.1(12.1) Fighting
 + Level 17.2(22.2) Dodging
 - Level 10.0(15.0) Unarmed Combat
 - Level 2.0 Spellcasting
 - Level 12.7 Transmutations


You had 5 spell levels left.
You knew the following spells:

 Your Spells              Type           Power        Failure   Level  Hunger
a - Spider Form           Tmut/Pois      ###.......   32%         3    ###....
b - Sticks to Snakes      Tmut           #####...     9%          2    ###....
d - Blade Hands           Tmut           #####.....   26%         5    ######.


Dungeon Overview and Level Annotations

Branches:
Dungeon (11/15)            Temple (1/1) D:4            Lair (0/6) D:9
    Orc: D:9-12

Altars:
Ashenzari
Cheibriados
Dithmenos
Elyvilon
Fedhas
Gozag
Hepliaklqana
Kikubaaqudgha
Makhleb
Nemelex Xobeh
Okawaru
Qazlal
Ru
Sif Muna
Trog
Uskayaw
Vehumet
Wu Jian
Xom
Yredelemnul
Zin
The Shining One

Annotations:
D:11 1 runed door


Message History

Your +3 leather armour unmelds from your body.
The orc priest shouts!
The orc wizard points at you and mumbles some strange words.
The magic dart hits you!
The orc priest moves out of view.
All of the chunks of flesh in your inventory have rotted away.
Casting: Spider Form
Confirm with . or Enter, or press ? or * to list all spells.
Your hands turn into razor-sharp scythe blades.
The white ugly thing closely misses you.
You gain the combat prowess of a mighty hero.
The white ugly thing pecks you! The white ugly thing freezes you!!
You are too injured to fight recklessly!
You are too injured to fight recklessly!
You are too injured to fight recklessly!
You are too injured to fight recklessly!
You shred the white ugly thing!!!
The white ugly thing is heavily wounded.
You hear a shout!
The white ugly thing pecks you! The white ugly thing freezes you!!
You die...

..#....#...........
..#....#........####
..#....##########..
..#................
..#...............
..#.....########..
..#.....#......#.#
.())....#......#.#
.)#.....#......#@#
..).....###'####u#
..#.............o#
..#............oo########..
..#..............o..o.o....
..#......######.....o......
..#####..# #............
... #..# #......###### ..
#..# ########


You could see a white ugly thing, an orc priest, an orc wizard and 2 orcs.

Vanquished Creatures
  An orc warlord (Bailey)
  4 two-headed ogres
  The ghost of Ykky the Cleaver, a novice DDFi (D:8)
  An unseen horror (D:9)
  An obsidian statue (D:9)
  The ghost of Gargoyl the Envoy of Void, a novice CeAK of Lugonu (D:6)
  An orc knight (Bailey)
  2 ugly things
  A kobold demonologist (D:11)
  A troll (D:10)
  The ghost of lrwvr the Slasher, an amateur DsGl (D:4)
  3 hippogriffs
  14 yaks
  2 hell hounds
  20 orc warriors
  3 phantoms
  An ice beast (D:5)
  2 sky beasts
  A black bear (D:6)
  An eye of draining (D:9)
  6 ogres
  4 centaurs
  4 big kobolds
  4 bullfrogs
  3 scorpions
  9 wights
  6 jellies
  9 howler monkeys
  3 crimson imps
  2 centaur zombies
  2 bullfrog zombies
  5 orc priests
  2 centaur skeletons
  6 hounds
  14 orc wizards
  9 worker ants
  4 iguanas
  2 hound skeletons
  A worker ant zombie (D:8)
  A howler monkey zombie (D:3)
  18 gnolls
  18 adders
  2 river rats (Sewer)
  2 shadow imps (D:9)
  An ooze (D:4)
  An adder skeleton (D:4)
  A worm (D:2)
  5 dart slugs
  12 leopard geckos
  78 orcs
  3 ball pythons
  11 giant cockroaches
  26 goblins
  19 hobgoblins
  13 jackals
  2 quokkas
  13 bats
  6 frilled lizards
  20 kobolds
  A leopard gecko skeleton (D:6)
  A quokka skeleton (D:9)
  9 rats
420 creatures vanquished.

Vanquished Creatures (collateral kills)
  Snorg (D:10)
1 creature vanquished.

Grand Total: 421 creatures vanquished

Notes
Turn   | Place    | Note
-------+----------+-------------------------------------------
     0 | D:1      | Oravi the Merfolk Transmuter began the quest for the Orb.
     0 | D:1      | Reached XP level 1. HP: 15/15 MP: 3/3
     4 | D:1      | Noticed an anaconda
     7 | D:1      | Noticed a black mamba
   237 | D:1      | Reached XP level 2. HP: 21/21 MP: 3/5
   841 | D:1      | Reached XP level 3. HP: 18/26 MP: 4/6
  1001 | D:1      | Learned a level 2 spell: Sticks to Snakes
  1005 | D:1      | Learned a level 3 spell: Spider Form
  1494 | D:2      | Found an ornate altar of the Wu Jian Council.
  1537 | D:2      | Reached XP level 4. HP: 21/32 MP: 4/7
  1751 | D:2      | Reached skill level 5 in Transmutations
  2458 | D:3      | Reached XP level 5. HP: 37/37 MP: 4/8
  2801 | D:3      | Found a hide-covered altar of Uskayaw.
  2852 | D:3      | Found a deep blue altar of Sif Muna.
  2962 | D:3      | Reached skill level 5 in Unarmed Combat
  3030 | D:3      | Found a sacrificial altar of Ru.
  3103 | D:3      | Reached XP level 6. HP: 30/43 MP: 4/9
  3360 | D:3      | Found a shattered altar of Ashenzari.
  3493 | D:4      | Noticed lrwvr's ghost (amateur DsGl)
  3539 | D:4      | Found a snail-covered altar of Cheibriados.
  3610 | D:4      | Noticed a phantom
  3640 | D:4      | Killed a phantom
  3779 | D:4      | Reached XP level 7. HP: 29/48 MP: 2/10
  3782 | D:4      | Found a glowing drain.
  3800 | Sewer    | Entered a sewer
  4062 | Sewer    | Found a white marble altar of Elyvilon.
  4195 | D:4      | Reached skill level 3 in Dodging
  4231 | D:4      | Found a burning altar of Makhleb.
  4393 | D:4      | Found a white marble altar of Elyvilon.
  4431 | D:4      | Reached skill level 4 in Dodging
  4479 | D:4      | Found a staircase to the Ecumenical Temple.
  4522 | D:4      | Killed lrwvr's ghost
  4522 | D:4      | Reached XP level 8. HP: 54/54 MP: 2/11
  4796 | D:5      | Entered Level 5 of the Dungeon
  4828 | D:5      | Found a burning altar of Makhleb.
  4847 | D:5      | Noticed a hippogriff
  4861 | D:5      | Killed a hippogriff
  4861 | D:5      | Reached skill level 5 in Dodging
  5569 | D:5      | Reached skill level 6 in Dodging
  5669 | D:5      | Found a shimmering altar of Xom.
  5826 | D:6      | Noticed Gargoyl's ghost (novice CeAK)
  5835 | D:6      | Reached skill level 10 in Unarmed Combat
  6198 | D:5      | Reached skill level 7 in Dodging
  6340 | D:6      | Reached XP level 9. HP: 59/59 MP: 9/12
  6345 | D:6      | Reached skill level 8 in Dodging
  6645 | D:6      | Reached skill level 9 in Dodging
  7064 | D:6      | Reached skill level 10 in Dodging
  7269 | D:6      | Found a shattered altar of Ashenzari.
  7434 | Temple   | Entered the Ecumenical Temple
  7488 | Temple   | Became a worshipper of Warmaster Okawaru
  7830 | D:7      | Learned a level 5 spell: Blade Hands
  8160 | D:7      | Found a shadowy altar of Dithmenos.
  8226 | D:7      | Found a flagged portal.
  8233 | Bailey   | Entered a bailey
  8257 | Bailey   | Reached * piety under Okawaru
  8569 | Bailey   | Noticed an orc knight
  8580 | Bailey   | Killed an orc knight
  8580 | Bailey   | Reached skill level 10 in Transmutations
  8580 | Bailey   | Reached XP level 10. HP: 59/65 MP: 5/13
  8587 | Bailey   | Noticed an orc warlord
  8605 | Bailey   | HP: 1/65 [orc warlord/great sword of flaming (5)]
  8827 | Bailey   | Killed an orc warlord
  8827 | Bailey   | Reached ** piety under Okawaru
  9147 | Bailey   | Reached *** piety under Okawaru
  9152 | Bailey   | Reached skill level 11 in Dodging
  9711 | D:7      | Reached skill level 12 in Dodging
 10128 | D:8      | Reached XP level 11. HP: 67/70 MP: 12/14
 10149 | D:8      | Found a blossoming altar of Fedhas.
 10202 | D:8      | Noticed a two-headed ogre
 10222 | D:8      | Killed a two-headed ogre
 10222 | D:8      | Reached **** piety under Okawaru
 10222 | D:8      | Reached skill level 13 in Dodging
 10509 | D:8      | Noticed Ykky's ghost (novice DDFi)
 10820 | D:8      | Noticed a two-headed ogre
 10832 | D:7      | Killed a two-headed ogre
 10993 | D:8      | Reached skill level 14 in Dodging
 11828 | D:9      | Reached skill level 15 in Dodging
 11907 | D:9      | Killed an unseen horror
 11907 | D:9      | Reached ***** piety under Okawaru
 11907 | D:9      | Received a gift from Okawaru
 12150 | D:9      | Found a staircase to the Lair.
 12288 | D:9      | Noticed an obsidian statue
 12484 | D:9      | Found a sparkling altar of Nemelex Xobeh.
 12535 | D:9      | Noticed a two-headed ogre
 12545 | D:9      | Killed a two-headed ogre
 12545 | D:9      | Reached skill level 16 in Dodging
 12850 | D:10     | Entered Level 10 of the Dungeon
 13130 | D:10     | Reached XP level 12. HP: 59/83 MP: 9/15
 13298 | D:10     | Found a runed door.
 13305 | D:10     | Found a basalt altar of Yredelemnul.
 13919 | D:10     | Reached skill level 5 in Fighting
 14108 | D:10     | Found a white marble altar of Elyvilon.
 14134 | D:10     | Noticed Snorg
 14151 | D:10     | Killed Snorg
 14482 | D:3      | Identified Sif Muna's Compendium of Enhancements
 14721 | D:6      | Killed Gargoyl's ghost
 14864 | D:8      | Killed Ykky's ghost
 15074 | D:11     | Found a runed door.
 15105 | D:11     | Noticed a sun demon
 15296 | D:11     | Reached skill level 17 in Dodging
 15314 | D:11     | Noticed a two-headed ogre
 15329 | D:11     | Killed a two-headed ogre
 15557 | D:11     | Slain by a white ugly thing

Skill      XL: |  1  2  3  4  5  6  7  8  9 10 11 12 |
---------------+-------------------------------------+-----
Transmutations | 3 4 6 10 12 | 12.7
Unarmed Combat | 4 5 7 8 10 | 10.0
Dodging        | 4 7 10 12 16 17 | 17.2
Fighting       | 4 7 |  7.1
Spellcasting   | |  2.0

Action                   |  1- 3 |  4- 6 |  7- 9 | 10-12 || total
-------------------------+-------+-------+-------+-------++-------
Melee: Unarmed           |    83 |   186 |   373 |   698 ||  1340
       Headbutt          |    12 |       |       |       ||    12
       Punch             |     1 |       |       |     1 ||     2
 Cast: Beastly Appendage |    17 |     1 |       |       ||    18
       Spider Form       |     2 |    33 |    51 |    72 ||   158
       Sticks to Snakes  |       |       |     5 |    14 ||    19
       Blade Hands       |       |       |       |     9 ||     9
Invok: Heroism           |       |       |     1 |    19 ||    20
 Abil: End Transformatio |       |       |       |     6 ||     6
  Use: Scroll            |       |     6 |     2 |     9 ||    17
       Potion            |       |     2 |     3 |     7 ||    12
 Stab: Sleeping          |     1 |     2 |     1 |     5 ||     9
       Distracted        |       |       |       |     1 ||     1
  Eat: Chunk             |     2 |    12 |    16 |    33 ||    63
       Ration            |       |       |     2 |     1 ||     3
Armor: Robe              |     9 |     2 |     4 |       ||    15
       Skin              |     5 |    10 |    16 |     5 ||    36
       Leather armour    |       |       |       |     9 ||     9
Dodge: Dodged            |    53 |   196 |   357 |   674 ||  1280
